 Dungeon Crawl Stone Soup version 0.29.1-1-gd02db6906a (webtiles) character file.

Game seed: 17264214490979987200

287 mortz the Magician (level 6, -2/32 HPs)
             Began as a Kobold Earth Elementalist on Sept 25, 2022.
             Slain by a scorpion (7 damage)
             ... on level 4 of the Dungeon.
             The game lasted 00:30:08 (6839 turns).

mortz the Magician (Kobold Earth Elementalist)      Turns: 6839, Time: 00:30:10

Health: -2/32      AC:  5    Str:  5    XL:     6   Next: 56%
Magic:  6/12       EV: 15    Int: 19    God:
Gold:   200        SH:  0    Dex: 15    Spells: 10/13 levels left

rFire   . . .      SeeInvis .   a - +1 dagger (venom)
rCold   . . .      Faith    .   (no shield)
rNeg    . . .      Spirit   .   d - +0 robe
rPois   .          Reflect  .   p - +1 helmet
rElec   .          Harm     .   (no cloak)
rCorr   .          Rampage  .   (no gloves)
Will    .....                   m - +0 pair of boots
Stlth   ++++......              (no amulet)
HPRegen 0.10/turn               (no ring)
MPRegen 0.13/turn               (no ring)

@: lethally poisoned (-2 -> -12), very slightly contaminated
A: small, no large weapons, nightstalker 3
a: no special abilities


You were on level 4 of the Dungeon.
You visited 1 branch of the dungeon, and saw 4 of its levels.

You collected 326 gold pieces.
You spent 126 gold pieces at shops.

Inventory:

Hand Weapons
 a - a +1 dagger of venom (weapon)
 b - the +4 short sword "Ezinleeg" {speed, Int-4 Dex+5}
   (You took it off a goblin on level 2 of the Dungeon)

   Attacks with this weapon are significantly faster.
   Int:       It affects your intelligence (-4).
   Dex:       It affects your dexterity (+5).
 f - a +0 dagger
 k - a +0 hand axe
 u - a +1 dagger of draining
 z - a +0 hand axe
 A - a +0 dagger
Missiles
 g - 13 poisoned darts
Armour
 d - a +0 robe (worn)
 h - a +0 leather armour
 m - a +0 pair of boots (worn)
 p - a +1 helmet (worn)
Jewellery
 c - a ring of fire
Wands
 t - a wand of mindburst (10)
Scrolls
 l - a scroll of immolation
 q - a scroll of poison {unknown}
 r - 3 scrolls of fear
 w - a scroll of blinking {unknown}
 x - a scroll of identify {unknown}
 y - a scroll of magic mapping {unknown}
 B - 2 scrolls of teleportation {unknown}
Potions
 e - a potion of berserk rage {unknown}
 i - 2 potions of mutation {unknown}
 j - 2 potions of curing
 n - a potion of magic
 o - 4 potions of ambrosia {unknown}
 s - a potion of heal wounds
 v - a potion of invisibility {unknown}


   Skills:
 + Level 0.1 Fighting
 + Level 1.2 Short Blades
 + Level 2.8 Dodging
 + Level 4.1 Stealth
 + Level 4.3 Spellcasting
 * Level 2.5 Transmutations
 + Level 4.2 Earth Magic


You had 10 spell levels left.
You knew the following spells:

 Your Spells              Type           Power      Damage    Failure   Level
a - Sandblast             Erth           40%        2d10      2%          1
b - Passwall              Tmut/Erth      13%        N/A       4%          2

Your spell library contained the following spells:

 Spells                   Type           Power      Damage    Failure   Level
 Stone Arrow              Conj/Erth      24%        3d8       17%         3
 Static Discharge         Conj/Air       4%         3-4/arc   21%         2
 Sublimation of Blood     Necr           4%         N/A       21%         2
 Petrify                  Tmut/Erth      16%        N/A       32%         4
 Confusing Touch          Hex            4%         N/A       38%         3
 Irradiate                Conj/Tmut      4%         3d13      91%         5
 Yara's Violent Unravell  Hex/Tmut       4%         3d4       91%         5
 Lightning Bolt           Conj/Air       2%         1d13      98%         5
 Enfeeble                 Hex            2%         N/A       100%        7
 Maxwell's Capacitive Co  Air            2%         ∞         100%        8


Dungeon Overview and Level Annotations

Branches:
Dungeon (4/15) Zot: 17092
 Temple: D:4-7

Altars:
Nemelex Xobeh

Shops:
D:3 !

Annotations:
D:3 1 runed translucent door, exclusion: door, Crazy Yiuf, Grinder
D:4 Menkaure


Innate Abilities, Weirdness & Mutations

You are small and have problems with some larger weapons.
You are completely attuned to the shadows.


Message History

You open the large door.
There is a large open door here.
There is an open door here.
You see here a +0 club.
You see here a +0 club.
You open the door.
There is an open door here.
You now have 200 gold pieces (gained 4).
A scorpion comes into view.
The scorpion moves out of view.
The blast of sand hits the scorpion but does no damage.
You miscast Sandblast.
You are very lightly contaminated with residual magic.
Nothing appears to happen.
The scorpion stings you.
You are poisoned.
The scorpion poisons you!
The blast of sand hits the scorpion but does no damage.
You feel very sick. The scorpion stings you!
You are lethally poisoned!
The scorpion poisons you! The scorpion closely misses you.
You are too injured to fight recklessly!
Aiming: Sandblast (safe; 2% risk of failure)
Press: ? - help, Q - select action, (/) - cycle Shift-Dir - straight line, f/p - scorpion
Aim: a scorpion (83% to hit)
The blast of sand hits the scorpion.
The scorpion is moderately wounded.
* * * LOW HITPOINT WARNING * * *
You feel very sick. The scorpion barely misses you. The scorpion misses you.
Casting: Sandblast (safe; 2% risk of failure)
Confirm with . or Enter, or press ? or * to list all spells.
Aiming: Passwall (safe; 4% risk of failure)
Press: ? - help, Dir - move target, p - scorpion A rock wall.
You miscast Passwall.
Nothing appears to happen.
* * * LOW HITPOINT WARNING * * *
You feel very sick. The scorpion stings you!
You die...

#..###..###....####.###..##....#
#..###........################.##
#..#.<..##...##..............#..#
.....##....###...............'..#
#.....###..##................#..#
#.....#....#....##############.##
...........#...## #.#
...........#....##### #.#
....#......##...@s...
...####..#..##.......
...##........##......
.........############ .#.....###
.#......## ###......## #...(....#
#.....#..#


You could see a scorpion.

Vanquished Creatures
  A jelly (D:4)
  Ijyb (D:4)
  2 orc wizards
  Robin (D:2)
  4 gnolls (D:4)
  2 adders (D:4)
  5 dart slugs
  8 orcs
  9 endoplasms
  3 giant cockroaches
  12 goblins
  6 hobgoblins
  3 jackals (D:1)
  12 kobolds
  5 quokkas
  8 ball pythons
  6 bats
  3 frilled lizards
  4 rats
95 creatures vanquished.

Notes
Turn   | Place    | Note
-------+----------+-------------------------------------------
     0 | D:1      | mortz the Kobold Earth Elementalist began the quest for the
                  | Orb.
     0 | D:1      | Reached XP level 1. HP: 10/10 MP: 3/3
   212 | D:1      | Reached XP level 2. HP: 15/15 MP: 3/5
   500 | D:1      | Reached skill level 1 in Short Blades
   596 | D:1      | Reached XP level 3. HP: 19/19 MP: 3/6
   599 | D:1      | Learned a level 2 spell: Passwall
  2279 | D:2      | Found a faded altar of an unknown god.
  2355 | D:2      | Reached XP level 4. HP: 24/24 MP: 5/8
  2399 | D:2      | Noticed Robin
  2408 | D:2      | HP: 1/24 [goblin/+0 club[Robin] (5)]
  2507 | D:2      | Identified the +4 short sword "Ezinleeg" {speed, Int-4
                  | Dex+5}
  2908 | D:2      | Killed Robin
  3607 | D:2      | Found a faded altar of an unknown god.
  4612 | D:3      | Reached XP level 5. HP: 12/28 MP: 1/10
  5330 | D:3      | Found a runed translucent door.
  5335 | D:3      | Noticed Crazy Yiuf
  5407 | D:3      | Noticed Grinder
  5428 | D:3      | Found Leherr's Distillery.
  5725 | D:3      | Bought a potion of curing for 42 gold pieces
  5725 | D:3      | Bought a potion of heal wounds for 70 gold pieces
  5725 | D:3      | Bought a potion of degeneration for 14 gold pieces
  5929 | D:4      | Noticed Menkaure
  5971 | D:4      | Noticed Ijyb
  5983 | D:4      | Killed Ijyb
  6333 | D:4      | Reached XP level 6. HP: 32/32 MP: 12/12
  6447 | D:4      | Found a sparkling altar of Nemelex Xobeh.
  6839 | D:4      | Slain by a scorpion

Illustrated notes

Levels and vault maps discovered:
D:1:      scummos_arrival_star, layout_loops_ring
D:2:      layout_basic, hellmonk_ecumenical_altar_blasted,
          grunt_decor_one_mirror, uniq_robin
D:3:      layout_basic, serial_shops, nicolae_shop_behind_doors, uniq_grinder,
          uniq_crazy_yiuf_cottage
D:4:      layout_cave_pools, mainiacjoe_overflow_boulevard, nrook_uturn,
          grunt_decor_arrowhead, uniq_menkaure, uniq_ijyb, uniq_duvessa

Skill      XL: |  1  2  3  4  5  6 |
---------------+-------------------+-----
Short Blades   | 1 |  1.2
Spellcasting   | 3 4 |  4.3
Stealth        | 3 4 |  4.1
Transmutations | 2 |  2.5
Earth Magic    | 4 |  4.2
Fighting       | |  0.1
Dodging        | |  2.8

Action                   |  1- 3 |  4- 6 || total
-------------------------+-------+-------++-------
Melee: Dagger            |    19 |    22 ||    41
 Cast: Sandblast         |    47 |    90 ||   137
       Passwall          |       |     5 ||     5
  Use: Scroll            |     3 |     3 ||     6
 Stab: Sleeping          |    11 |    21 ||    32
Armor: Robe              |     1 |    18 ||    19
Dodge: Dodged            |    32 |    61 ||    93
